 Dungeon Crawl Stone Soup version 0.28-a0-631-g0446da8ef9 (webtiles) character file.

Game seed: 13966175939909287124

541 timneilson the Shield-Bearer (level 7, -6/62 HPs)
             Began as a Deep Dwarf Fighter on Oct 9, 2021.
             Was an Initiate of Makhleb.
             Mangled by an ogre (22 damage)
             ... on level 5 of the Dungeon.
             The game lasted 00:09:43 (4413 turns).

timneilson the Shield-Bearer (Deep Dwarf Fighter)   Turns: 4413, Time: 00:09:43

Health: -6/62      AC: 11    Str: 22    XL:     7   Next: 5%
Magic:  6/6        EV:  8    Int:  8    God:    Makhleb [......]
Gold:   260        SH:  6    Dex: 12    Spells: 6/6 levels left

rFire   + . .      SeeInvis .   a - +1 long sword
rCold   . . .      Faith    .   c - +1 buckler
rNeg    + . .      Spirit   .   y - +0 chain mail
rPois   .          Reflect  .   l - +2 hat
rElec   .          Harm     .   (no cloak)
rCorr   .          Rampage  .   (no gloves)
Will    +....                   (no boots)
Stlth   ..........              (no amulet)
HPRegen 0.00/turn               g - ring of positive energy
MPRegen 0.10/turn               h - ring of protection from fire

@: no status effects
A: damage resistance, heal wounds, sense surroundings 1, no regeneration
a: Heal Wounds, Renounce Religion


You were on level 5 of the Dungeon.
You worshipped Makhleb.
Makhleb was noncommittal.
You visited 2 branches of the dungeon, and saw 6 of its levels.
You also visited: Sewer.

You collected 260 gold pieces.

Inventory:

Hand Weapons
 a - a +1 long sword (weapon)
Armour
 c - a +1 buckler (worn)
 j - a +0 plate armour
 l - a +2 hat (worn)
 y - a +0 chain mail (worn)
Jewellery
 g - a ring of positive energy (left hand)
 h - a ring of protection from fire (right hand)
Wands
 t - a wand of paralysis (6)
Scrolls
 e - 2 scrolls of immolation
 m - a scroll of vulnerability
 n - 5 scrolls of enchant weapon
 p - a scroll of teleportation
 s - a scroll of holy word
 x - a scroll of identify
Potions
 d - 2 potions of might
 f - 4 potions of curing
 i - 2 potions of degeneration {unknown}
 k - a potion of mutation {unknown}
 o - 2 potions of invisibility {unknown}
 q - a potion of brilliance {unknown}
 r - a potion of heal wounds {unknown}
 u - a potion of haste {unknown}
 v - a potion of berserk rage {unknown}
 w - a potion of attraction {unknown}


   Skills:
 + Level 3.4 Fighting
 * Level 4.1 Long Blades
 * Level 5.2 Armour
 + Level 2.3 Dodging
 * Level 5.2 Shields
 + Level 0.0 Invocations
 + Level 1.9 Evocations


You had 6 spell levels left.
You didn't know any spells.
Your spell library contained the following spells:

 Spells                   Type           Power      Damage    Failure   Level
 Dazzling Flash           Conj/Hex       0%         N/A       100%        3
 Agony                    Necr           0%         N/A       100%        5
 Silence                  Hex/Air        0%         N/A       100%        5


Dungeon Overview and Level Annotations

Branches:
Dungeon (5/15)             Temple (1/1) D:5           Sewer (visited)

Altars:
Ashenzari
Cheibriados
Dithmenos
Elyvilon
Fedhas
Gozag
Hepliaklqana
Kikubaaqudgha
Makhleb
Nemelex Xobeh
Qazlal
Ru
Sif Muna
Trog
Uskayaw
Vehumet
Yredelemnul
Zin
The Shining One

Annotations:
D:3 2 transporters, bjtr's ghost, amateur DgCj
D:4 3 runed translucent doors, AlleluiaPinecone's ghost, novice VSBr; AttackTheMoon's ghost, novice DsMo; AttackTheMoon's ghost, weakling KoDe


Innate Abilities, Weirdness & Mutations

You are resistant to damage.
You can heal yourself by infusing magical energy.
You passively map a small area around you.
You do not regenerate.


Message History

You slash the howler monkey!
The howler monkey is heavily wounded.
The howler monkey barely misses you.
You slash the howler monkey!
You kill the howler monkey!
Makhleb accepts your kill.
You closely miss the shadow imp.
The shadow imp grins evilly.
The shadow imp barely misses you. The shadow imp hits you.
You slash the shadow imp!
You kill the shadow imp!
Makhleb accepts your kill.
You have reached level 7!
An iguana comes into view.
The iguana hisses angrily.
You slash the iguana!
The iguana is severely wounded.
The iguana barely misses you.
You slash the iguana!
You kill the iguana!
Makhleb accepts your kill.
You see here an iguana corpse.
You see here a +0 chain mail.
y - a +0 chain mail You start removing your armour.
You continue taking off your +0 scale mail. x4
You finish taking off your +0 scale mail.
You start putting on your armour.
You continue putting on your +0 chain mail. x5
You finish putting on your +0 chain mail.
Drop what? 25/52 slots (_ for help) (? for menu, Esc to quit)
You drop a +0 scale mail.
An ogre comes into view. It is wielding a +0 giant club.
Okay, then.
You barely miss the ogre.
The ogre hits you with a +0 giant club!!
* * * LOW HITPOINT WARNING * * *
You hit the ogre but do no damage.
The ogre hits you with a +0 giant club!!
You die...

### #.# #...## #.#
#.# ##.#... #.###
##.###.####†
#...###..##..# #.
#.##.....#..## ##.
#####..##...# ##.#
#.....#####.###.##
##....# #.....##
*#@...## #.###..#
#O##..## ##.# ##..
#. ###.# #..# #.. ##
#.####.## ##.
####......## #.
#####...........####
#...................
#######.####....#..#
#.# ##......#


You could see an ogre.

Vanquished Creatures
  A black bear (D:4)
  An ogre (D:4)
  2 howler monkeys (D:5)
  A hound (D:4)
  An orc priest (D:4)
  An iguana (D:5)
  An orc wizard (D:4)
  6 adders
  A shadow imp (D:5)
  2 adder skeletons (D:4)
  A worm (D:2)
  5 dart slugs
  3 orcs
  7 ball pythons
  5 endoplasms
  3 giant cockroaches
  7 goblins
  7 hobgoblins
  13 jackals
  14 kobolds
  3 quokkas
  5 bats
  6 frilled lizards
  6 rats
102 creatures vanquished.

Vanquished Creatures (others)
  17 plants
  4 withered plants (D:4)
21 creatures vanquished.

Grand Total: 123 creatures vanquished

Notes
Turn   | Place    | Note
-------+----------+-------------------------------------------
     0 | D:1      | timneilson the Deep Dwarf Fighter began the quest for the
                  | Orb.
     0 | D:1      | Reached XP level 1. HP: 20/20 MP: 1/1
   393 | D:1      | Reached XP level 2. HP: 14/27 MP: 2/2
  1153 | D:2      | Reached XP level 3. HP: 24/33 MP: 2/2
  1164 | D:2      | Reached skill level 1 in Dodging
  1372 | D:2      | Found a snail-covered altar of Cheibriados.
  1744 | D:3      | Reached XP level 4. HP: 40/40 MP: 3/3
  1843 | D:3      | Found a glowing drain.
  1847 | Sewer    | Entered a sewer
  2753 | D:3      | Found a transporter.
  2757 | D:3      | Found a transporter.
  2769 | D:3      | Noticed bjtr's ghost (amateur DgCj)
  2916 | D:4      | Reached XP level 5. HP: 31/49 MP: 4/4
  3008 | D:4      | Found a runed translucent gate.
  3008 | D:4      | Found a runed translucent gate.
  3012 | D:4      | Noticed a black bear
  3013 | D:4      | Noticed an ogre
  3020 | D:4      | Killed a black bear
  3025 | D:4      | Killed an ogre
  3026 | D:4      | Reached skill level 1 in Evocations
  3026 | D:4      | Reached XP level 6. HP: 8/56 MP: 5/5
  3188 | D:4      | Reached skill level 5 in Shields
  3273 | D:4      | Found a runed translucent gate.
  3274 | D:4      | Noticed AttackTheMoon's ghost (novice DsMo)
  3274 | D:4      | Noticed AttackTheMoon's ghost (weakling KoDe)
  3275 | D:4      | Noticed AlleluiaPinecone's ghost (novice VSBr)
  3473 | D:5      | Entered Level 5 of the Dungeon
  3514 | D:5      | Reached skill level 5 in Armour
  3605 | D:5      | Found a staircase to the Ecumenical Temple.
  3614 | Temple   | Entered the Ecumenical Temple
  3875 | Temple   | Became a worshipper of Makhleb the Destroyer
  4325 | D:5      | Reached XP level 7. HP: 38/62 MP: 6/6
  4413 | D:5      | Mangled by an ogre

Illustrated notes

Levels and vault maps discovered:
D:1:      dpeg_cavernosity, layout_basic, serial_rivers,
          chequers_serial_rivers_large_a, chequers_serial_rivers_micro_e,
          chequers_serial_rivers_micro_a, chequers_serial_rivers_micro_c,
          chequers_serial_rivers_marsh, chequers_serial_rivers_micro_b
D:2:      layout_loops_cross, basic_altar, dk_noncrumbling_4,
          minmay_stone_trees_large
D:3:      layout_rooms, gammafunk_ghost_gnarly_gnolls, gup_sewer_entry_bowl
D:4:      layout_cave_pools, gammafunk_ghost_cemetery
D:5:      layout_layer_cave, minmay_temple_entry_ruins, nrook_campfire
Temple:   dpeg_five_rooms_temple

Skill      XL: |  1  2  3  4  5  6 |
---------------+-------------------+-----
Dodging        | 1 2 |  2.3
Fighting       | 3 |  3.4
Armour         | 4 5 |  5.2
Shields        | 4 5 |  5.2
Long Blades    | 3 4 |  4.1
Evocations     | 1 |  1.9

Action                   |  1- 3 |  4- 6 |  7- 9 || total
-------------------------+-------+-------+-------++-------
Melee: Long sword        |   155 |   235 |     4 ||   394
 Abil: Heal Wounds       |     2 |     2 |       ||     4
  Use: Scroll            |     4 |     5 |       ||     9
       Potion            |       |     1 |       ||     1
Armor: Scale mail        |    65 |   116 |       ||   181
Dodge: Dodged            |    90 |   154 |     1 ||   245
Block: Buckler           |    40 |    70 |       ||   110

Table legend: (Time is in decaauts)
 A = Elapsed time spent in this place.
 B = Non-inter-level travel time spent in this place.
 C = Inter-level travel time spent in this place.
 D = Time resting spent in this place.
 E = Time spent auto-exploring this place.
 F = Levels seen in this place.
 G = Mean time per level.
                   A        B        C        D        E       F      G
               +--------+--------+--------+--------+--------+-----+--------+
         Total |   4691 |   4567 |    124 |      8 |   3337 |   7 |  670.1 |
       Dungeon |   3551 |   3455 |     96 |      0 |   2573 |   5 |  710.2 |
        Temple |    290 |    262 |     28 |      0 |    246 |   1 |  290.0 |
         Sewer |    849 |    849 |      0 |      8 |    518 |   1 |  849.0 |
               +--------+--------+--------+--------+--------+-----+--------+

Top non-repeatable levels by time:
     D:1: 1105 daAuts
   Sewer: 849 daAuts
     D:2: 684 daAuts
     D:5: 654 daAuts
     D:4: 579 daAuts
     D:3: 526 daAuts
  Temple: 290 daAuts
